AoeStats
← Lancia57DxD

Oasis

509142991Analyzed
4v4 RM · 8d ago on Sep 25, 2026· 9m 29s· 8 players
Game mode
Random Map
Map size
Large (8 player)
Population
200
Speed
Normal
Resources
Standard
Victory
Conquest
Starting age
Dark Age
Ending age
Imperial Age
RankedLock teamsTeams togetherTeam positionsShared explorationLock speedFull tech treeHidden civsTurbo modeCheats
Victory
Defeat
🇪🇸 Spanish · Spain
1069
+16
🇲🇰 Romans · North Macedonia
1063
+16
🇺🇸 Inca · United States
1062
+16
🇬🇧 Danes · United Kingdom
1016
+18
1075
-17
1067
-17
🇧🇷 Cumans · Brazil
1062
-16
🇹🇼 Byzantines · Taiwan
1048
-16
osubuckeyes022
9:33 Loom
Lord Pelladas
10:45 Feudal Age
syntax error
9:26 Loom
Her
10:00 Feudal Age
8:17 Loom
Ballin' Like Bill, End @McDank's
xX_Miliano_Xx
0:28 Loom
Lancia57DxD
0:34 Loom
11:16 Feudal Age
ふわふわ☆お姫様
0:30 Loom
Connection lost

Rejoining the realm…

Still unreachable

The connection could not be restored.

Session expired

The server has moved on; the page needs a fresh start.